 Dungeon Crawl Stone Soup version 0.20.1-1-g8b1a95d (webtiles) character file.

4753 Jazqa the Fighter (level 10, -7/70 HPs)
             Began as a Gargoyle Fighter on Oct 28, 2017.
             Was a Priest of Qazlal.
             Mangled by a large abomination (17 damage)
             ... on level 3 of the Abyss.
             The game lasted 00:15:49 (7299 turns).

Jazqa the Fighter (Gargoyle Fighter)                Turns: 7299, Time: 00:15:50

Health: -7/70      AC: 17    Str: 18    XL:     10   Next: 46%
Magic:  11/11      EV:  7    Int: 14    God:    Qazlal [***...]
Gold:   385        SH: 13    Dex:  9    Spells: 9/9 levels left

rFire    . . .     SeeInvis .   A - +2 whip (flame)
rCold    + . .     Gourm    .   c - +0 shield
rNeg     + . .     Faith    .   b - +0 scale mail
rPois    ∞         Spirit   .   (no helmet)
rElec    +         Reflect  .   q - +0 cloak
rCorr    .         Harm     .   k - +0 pair of gloves
MR       .....                  K - +0 pair of boots
Stlth    ..........             g - amulet of regeneration
Regen    0.7/turn               I - +4 ring of intelligence
MPRegen  0.2/turn               C - ring of protection from cold

@: very slightly contaminated
A: low mp 1, negative energy resistance 1, [screaming 2], electricity
resistance, [weak 2], unbreathing, petrification resistance, rot immunity, AC +7
a: Upheaval, Elemental Force, Renounce Religion


You were on level 3 of the Abyss.
You worshipped Qazlal.
Qazlal was most pleased with you.
You were hungry.

You visited 2 branches of the dungeon, and saw 10 of its levels.
You visited the Abyss 1 time.

You collected 470 gold pieces.
You spent 85 gold pieces at shops.


Innate Abilities, Weirdness & Mutations

You are resistant to torment.
Your stone body is resilient. (AC +7)
You are immune to poison.
You resist negative energy. (rN+)
You are resistant to electric shocks. (rElec)
You can survive without breathing.
You are immune to petrification.
You are immune to rotting.
Your magical capacity is low. (-10% MP)
[You sometimes yell uncontrollably at your foes.]
[You are very weak. (Str -4)]


   Skills:
 + Level 11.2 Fighting
 + Level 10.1 Maces & Flails
 + Level 4.7 Armour
 + Level 4.9 Shields
 + Level 3.0 Invocations


You had 9 spell levels left.
You didn't know any spells.

Inventory:

Hand Weapons
 e - a +0 flail of holy wrath
 A - a +2 whip of flaming (weapon)
Armour
 b - a +0 scale mail (worn)
 c - a +0 shield (worn)
 k - a +0 pair of gloves (worn)
 q - a +0 cloak (worn)
 K - a +0 pair of boots (worn)
 P - a +2 pair of gloves
 T - a +1 plate armour of magic resistance
Magical Staves
 Q - an uncursed staff of fire {unknown}
Jewellery
 g - an amulet of regeneration (around neck)
 C - a ring of protection from cold (right hand)
 F - an uncursed ring of fire
 I - a +4 ring of intelligence (left hand)
Wands
 a - a wand of enslavement (10/24)
 B - a wand of disintegration (11/24)
 M - a wand of random effects (14/48)
 R - a wand of polymorph (10/24)
Scrolls
 i - 5 scrolls of remove curse {@r2}
 l - a scroll of fog {unknown}
 p - a scroll of enchant weapon
 s - 2 scrolls of teleportation {unknown}
 u - 3 scrolls of immolation {unknown}
 v - 4 scrolls of recharging
 w - 8 scrolls of magic mapping
 x - 2 scrolls of enchant armour {unknown}
 y - 4 scrolls of identify {@r1}
 z - a scroll of amnesia
 L - a scroll of random uselessness {unknown}
Potions
 d - 2 potions of might
 m - 4 potions of lignification {!q}
 r - a potion of curing {@q1}
 t - 2 potions of magic
 D - 2 potions of mutation {!q}
 E - 3 potions of ambrosia
 N - a potion of agility
Books
 G - a book of Callings

   Spells                             Type                      Level
   a - Summon Small Mammal            Summoning                    1
   b - Call Imp                       Summoning                    2
   c - Call Canine Familiar           Summoning                    3
   d - Summon Guardian Golem          Hexes/Summoning              3
   e - Summon Lightning Spire         Summoning/Air                4
   f - Summon Ice Beast               Ice/Summoning                4
 H - a book of Minor Magic

   Spells                             Type                      Level
   a - Magic Dart                     Conjuration                  1
   b - Blink                          Translocation                2
   c - Call Imp                       Summoning                    2
   d - Slow                           Hexes                        2
   e - Conjure Flame                  Conjuration/Fire             3
   f - Mephitic Cloud                 Conjuration/Poison/Air       3
Comestibles
 f - 6 bread rations {@e1}
 j - 2 meat rations {@e1}
 n - 3 royal jellies {@e3}
 J - 7 fruits {@e2}
 O - a chunk of flesh

Dungeon Overview and Level Annotations

Branches:
Dungeon (9/15)             Temple (1/1) D:4
   Lair: D:8-11         Orc: D:9-12

Altars:
Ashenzari
Elyvilon
Gozag
Nemelex Xobeh
Okawaru
Qazlal
Ru
Sif Muna
Uskayaw
Vehumet
Xom
Zin

Shops:
D:6 [(%?

Annotations:
D:9 Erolcha

.▓ . .. . . # .... .
#▒. ▓. .▒▒
▒...##.#..#. ▒# . ..
..... ░.# ▓.......▒G▒
▓.. . ▒
.▒.▒▒.##....▒▒▒ ▒. ..
. G# ░ ...
..#####▒▒▒.G#.5##..▒▒
. .#.....@▒...x.3x#.
▒ .▒ ▒.▒...X#hGh▓▓
▒.. # . .
▒.h..##§▓§.▒G§#. .░ ▒
▒..#..#..#R▓▓░.. §.#.
. .. #▒.....#.#▒# #.#
#. . #....h ## .##
#░u ....... . . .§░
..####. .▒.. .§ # #▒
# ▒ . ▒#.


You could see a glowing orange brain, a large abomination, an efreet and 3
raiju.


Message History

Unknown command.
The wretched star glows turbulently.
The orb of energy hits you!
* * * LOW HITPOINT WARNING * * *
The orb of energy explodes!
The mystic blast hits the raiju.
Unknown command.
You bump into the stone wall.
The neqoxec gestures.
The raiju bites you but does no damage.
Unknown command.
The raiju bites you but does no damage.
Unknown command.
You bump into the rock wall.
The raiju bites you but does no damage.
Unknown command.
You closely miss the raiju.
A large abomination comes into view.
Unknown command.
You bump into the stone wall.
The raiju bites you.
* * * LOW HITPOINT WARNING * * *
The raiju shocks you. You resist.
* * * LOW HITPOINT WARNING * * *
Unknown command.
You bump into the stone wall.
You feel less confused.
The raiju bursts into living lightning!
The living lightning hits the raiju.
The raiju completely resists.
The living lightning hits you! You resist.
* * * LOW HITPOINT WARNING * * *
The raiju blinks!
The raiju closely misses you. The large abomination hits you!
You die...

Skill      XL: |  1  2  3  4  5  6  7  8  9 10 |
---------------+-------------------------------+-----
Maces & Flails | 3 5 6 8 9 10 | 10.1
Fighting       | 4 6 7 9 10 11 | 11.2
Invocations    | 1 3 |  3.0
Shields        | 4 |  4.9
Armour         | 4 |  4.7

Action                   |  1- 3 |  4- 6 |  7- 9 | 10-12 || total
-------------------------+-------+-------+-------+-------++-------
Melee: Flail             |   125 |   140 |       |       ||   265
       Whip              |       |    67 |   548 |   174 ||   789
Invok: Upheaval          |       |       |       |     1 ||     1
  Use: Scroll            |       |     3 |     6 |     2 ||    11
       Potion            |       |     2 |     1 |     8 ||    11
 Stab: Invisible         |       |       |     1 |       ||     1
  Eat: Chunk             |       |     7 |    12 |     2 ||    21
Armor: Scale mail        |    82 |   109 |   183 |    90 ||   464
Dodge: Dodged            |    48 |    74 |    90 |    63 ||   275
Block: Shield            |    78 |   114 |   211 |   108 ||   511

Vault maps used:
D:1:      co_arrival_random_square_maze
D:2:      uniq_terence
D:3:      cheibrodos_helix_gallery, first_bread
D:4:      minmay_temple_entry_fiery, uniq_grinder
D:5:      elyvilon_altar_3, nicolae_overflow_hidden_temple
D:6:      st_stairs_3, hex_large, minmay_shop_grid_forest,
          nicolae_gozag_seed_capital
D:7:      basic_altar, uniq_joseph, uniq_menkaure, uniq_duvessa
D:8:      cheibrodos_statue_roulette, minitemple
D:9:      serial_shops, shop, uniq_erolcha
Temple:   nicolae_temple_figure_zero
Abyss:3:  nicolae_abyss_rune_left_handed

Notes
Turn   | Place    | Note
-------+----------+-------------------------------------------
     0 | D:1      | Jazqa the Gargoyle Fighter began the quest for the Orb.
     0 | D:1      | Reached XP level 1. HP: 14/14 MP: 1/1
   182 | D:1      | Reached XP level 2. HP: 18/19 MP: 2/2
   690 | D:2      | Reached XP level 3. HP: 21/24 MP: 3/3
   870 | D:2      | Reached skill level 3 in Maces & Flails
   910 | D:2      | Noticed Terence
   913 | D:2      | Reached skill level 4 in Fighting
   949 | D:2      | Killed Terence
   949 | D:2      | Reached XP level 4. HP: 23/29 MP: 4/4
  1436 | D:3      | Reached XP level 5. HP: 21/34 MP: 5/5
  1714 | D:3      | Reached skill level 5 in Fighting
  1783 | D:3      | Reached skill level 4 in Maces & Flails
  2311 | D:4      | Noticed Grinder
  2324 | D:4      | Paralysed by Grinder for 3 turns
  2338 | D:4      | Killed Grinder
  2338 | D:4      | Reached skill level 6 in Fighting
  2338 | D:4      | Reached skill level 5 in Maces & Flails
  2338 | D:4      | Reached XP level 6. HP: 15/41 MP: 6/6
  2530 | D:4      | Found a staircase to the Ecumenical Temple.
  2550 | Temple   | Entered the Ecumenical Temple
  2733 | Temple   | Became a worshipper of Qazlal Stormbringer
  3024 | D:4      | Reached XP level 7. HP: 47/47 MP: 7/7
  3470 | D:5      | Entered Level 5 of the Dungeon
  3476 | D:5      | Found an iron altar of Okawaru.
  3511 | D:5      | Reached skill level 7 in Fighting
  3511 | D:5      | Reached skill level 6 in Maces & Flails
  3620 | D:5      | Found a white marble altar of Elyvilon.
  3630 | D:5      | Reached XP level 8. HP: 18/54 MP: 8/8
  3916 | D:5      | Reached skill level 8 in Fighting
  3932 | D:5      | Noticed 0x5F3759DF's ghost (amateur DENe)
  3947 | D:5      | Paralysed by 0x5F3759DF's ghost for 3 turns
  3954 | D:5      | Paralysed by 0x5F3759DF's ghost for 6 turns
  3960 | D:5      | Killed 0x5F3759DF's ghost
  3960 | D:5      | Reached skill level 7 in Maces & Flails
  4657 | D:5      | Reached * piety under Qazlal
  4785 | D:6      | Found Ruixuem's Weapon Emporium.
  4787 | D:6      | Found Sobre's Antique Armour Emporium.
  4789 | D:6      | Found Deonuimi's Magic Scroll Emporium.
  4797 | D:6      | Found Reaken's Food Emporium.
  4799 | D:6      | Bought a scroll of magic mapping for 35 gold pieces
  4799 | D:6      | Bought a scroll of remove curse for 30 gold pieces
  4799 | D:6      | Bought a scroll of identify for 20 gold pieces
  4832 | D:6      | Reached skill level 9 in Fighting
  5041 | D:6      | Found an opulent altar of Gozag.
  5296 | D:6      | Reached skill level 8 in Maces & Flails
  5340 | D:6      | Reached XP level 9. HP: 52/61 MP: 9/9
  5831 | D:7      | Reached skill level 10 in Fighting
  5834 | D:7      | Reached ** piety under Qazlal
  5844 | D:7      | Reached skill level 9 in Maces & Flails
  5977 | D:7      | Found a shimmering altar of Xom.
  6061 | D:7      | Noticed Duvessa
  6062 | D:7      | Noticed Dowan
  6073 | D:7      | Killed Duvessa
  6093 | D:7      | Killed Dowan
  6373 | D:7      | Noticed Joseph
  6389 | D:7      | Killed Joseph
  6389 | D:7      | Reached skill level 1 in Invocations
  6389 | D:7      | Reached XP level 10. HP: 64/68 MP: 10/10
  6562 | D:7      | Noticed Menkaure
  6568 | D:7      | Killed Menkaure
  6568 | D:7      | Reached skill level 4 in Shields
  6618 | D:8      | Reached skill level 4 in Armour
  6618 | D:8      | Reached skill level 2 in Invocations
  6631 | D:8      | Reached *** piety under Qazlal
  6658 | D:9      | Reached skill level 11 in Fighting
  6761 | D:9      | Reached skill level 10 in Maces & Flails
  6966 | D:9      | HP: 4/69 [orc warrior/halberd (17)]
  6975 | D:9      | HP: 5/69 [orc priest/divine providence (11)]
  7110 | D:9      | Noticed Erolcha
  7113 | D:9      | Reached skill level 3 in Invocations
  7131 | D:9      | You are cast into the Abyss!
  7131 | D:9      | Cast into level 1 of the Abyss (Erolcha)
  7200 | Abyss:3  | Noticed an apocalypse crab
  7200 | Abyss:3  | Noticed a tentacled starspawn
  7200 | Abyss:3  | Noticed a thorn hunter
  7201 | Abyss:3  | Noticed a swamp dragon
  7275 | Abyss:3  | Gained mutation: Your magical capacity is low. (-10% MP) [a neqoxec]
  7276 | Abyss:3  | Noticed a glowing orange brain
  7277 | Abyss:3  | Noticed a red very ugly thing
  7284 | Abyss:3  | Noticed a wretched star
  7298 | Abyss:3  | Noticed a large abomination
  7299 | Abyss:3  | Mangled by a large abomination

Vanquished Creatures
  Joseph (D:7)
  A troll (D:9)
  Grinder (D:4)
  The ghost of 0x5F3759DF the Grave Robber, an amateur DENe (D:5)
  A human (shapeshifter) (D:9)
  Menkaure (D:7)
  A water moccasin (D:9)
  Duvessa (D:7)
  3 sky beasts (D:5)
  2 ice beasts (D:6)
  2 phantoms
  An ogre (D:5)
  4 orc warriors
  2 necrophages
  A centaur (D:9)
  A big kobold (D:7)
  6 bullfrogs
  Dowan (D:7)
  5 scorpions
  A howler monkey (D:4)
  2 crimson imps (D:7)
  4 bullfrog zombies
  11 orc wizards
  A jelly (D:6)
  2 orc priests
  A bullfrog skeleton (D:5)
  A centaur skeleton (D:9)
  4 hounds
  Terence (D:2)
  A gnoll shaman (D:7)
  8 worker ants
  2 hound zombies (D:6)
  4 gnolls
  6 adders
  A shadow imp (D:6)
  An ooze (D:2)
  An adder skeleton (D:6)
  A worm (D:3)
  2 dart slugs
  5 leopard geckos
  32 orcs
  A giant cockroach (D:1)
  9 goblins
  9 hobgoblins
  12 kobolds
  3 quokkas
  A ball python (D:3)
  9 bats
  8 frilled lizards
  A giant cockroach zombie (D:6)
  A jackal skeleton (D:4)
  A jackal zombie (D:6)
  A quokka skeleton (D:7)
  4 rats
188 creatures vanquished.

Vanquished Creatures (others)
  A golden eye (Abyss:3)
  A bat (D:2)
  6 briar patches (Abyss:3)
  A lurking horror (Abyss:2)
  2 starspawn tentacles (Abyss:3)
11 creatures vanquished.

Grand Total: 199 creatures vanquished
